 Dungeon Crawl Stone Soup version 0.16-a0-702-gf4f471d (webtiles) character file.

406 Ratboiler the Vexing (level 6, -11/36 HPs)
             Began as an Octopode Enchanter on Sept 20, 2014.
             Mangled by an ogre
             ... wielding a +0 giant club
              (22 damage)
             ... on Level 4 of the Dungeon.
             The game lasted 00:16:48 (5321 turns).

Ratboiler the Vexing (Octopode Enchanter)           Turns: 5321, Time: 00:16:48

HP -11/36        AC  1     Str  9      XL: 6   Next: 87%
MP   1/10        EV 11     Int 17      God:
Gold 269         SH  6     Dex 14      Spells:  4 memorised,  0 levels left

rFire  . . .     SeeInvis .     a - +1 dagger (venom)
rCold  . . .     Clarity  .     w - +3 buckler of Frisuimp {rElec MR+ Stlth++}
rNeg   . . .     rCorr    .     v - +0 hat {MR+}
rPois  +         rRot     .     (no amulet)
rElec  +         Spirit   .     d - +1 ring of dexterity
SustAb .         Warding  .     (no ring)
rMut   .         Stasis   .     (no ring)
Gourm  .                        (no ring)
MR     ++...                    (no ring)
                                (no ring)
                                (no ring)
                                (no ring)

@: very slightly contaminated, very resistant to hostile enchantments, very
stealthy
A: almost no armour, amphibious, 8 rings, constrict 8, camouflage 1, poison
resistance, gelatinous body 1
a: no special abilities


You were on level 4 of the Dungeon.
You were not hungry.

You visited 1 branch of the dungeon, and saw 5 of its levels.
You also visited: Sewer.

You collected 269 gold pieces.

Inventory:

Hand weapons
 a - a +1 dagger of venom (weapon)
 l - a +0 falchion of holy wrath
Missiles
 o - 44 poisoned needles
Armour
 v - a +0 hat of magic resistance (worn)
 w - the +3 buckler of Frisuimp (worn) {rElec MR+ Stlth++}
   (You found it in a sewer)

   It insulates you from electricity.
   It affects your resistance to hostile enchantments.
   It makes you much more stealthy.
Magical devices
 r - a wand of frost (15)
 s - a wand of confusion (9)
 x - a wand of slowing (13)
 B - a wand of magic darts (8)
Comestibles
 h - 2 bread rations
 n - a meat ration
 q - 13 fruits
 A - a beef jerky
Scrolls
 g - a scroll of enchant armour
 i - 4 scrolls of teleportation
 j - 2 scrolls of magic mapping
 k - 3 scrolls of blinking
 m - a scroll of enchant weapon {unknown}
 t - a scroll of random uselessness {unknown}
 y - a scroll of fear {unknown}
Jewellery
 d - a +1 ring of dexterity (left tentacle)
Potions
 e - 2 potions of brilliance
 f - a potion of might
 p - 2 potions of curing {unknown}
 u - a potion of invisibility {unknown}
 z - 3 potions of flight {unknown}
Books
 c - a book of Maledictions

   Spells                             Type                      Level
   *Corona                            Hexes                        1
   Sure Blade                         Hexes/Charms                 2
   *Ensorcelled Hibernation           Hexes/Ice                    2
   *Confuse                           Hexes                        3
   *Dazzling Spray                    Conjuration/Hexes            3
   Enslavement                        Hexes                        4


   Skills:
 - Level 1.0 Short Blades
 - Level 2.0 Dodging
 + Level 5.5 Stealth
 - Level 2.0 Spellcasting
 + Level 7.0 Hexes


You couldn't memorise any spells.
You knew the following spells:

 Your Spells              Type           Power        Failure   Level  Hunger
a - Corona                Hex            ####...      1%          1    #......
b - Ensorcelled Hibernat  Hex/Ice        ##....       10%         2    ###....
c - Confuse               Hex            ####....     4%          3    ####...
d - Dazzling Spray        Conj/Hex       ##......     17%         3    ####...


Dungeon Overview and Level Annotations

Branches:
Dungeon (5/15)
 Temple: D:4-7

Altars:
Nemelex Xobeh
Zin
The Shining One

Annotations:
D:4 Dowan, Duvessa
D:5 Foahim's ghost, experienced DrFi


Innate Abilities, Weirdness & Mutations

You cannot wear most types of armour.
You are amphibious.
You can wear up to eight rings at the same time.
You can use your tentacles to constrict many enemies at once.
Your skin changes colour to match your surroundings (Stealth).
Your rubbery body absorbs attacks (AC +1).
Your system is resistant to poisons.


Message History

Press: ? - help, Shift-Dir - straight line, f/p - ogre
Aim: an ogre, wielding a giant club (severely wounded, bewildered and confused)
The ogre is unaffected.
Casting: Ensorcelled Hibernation
Confirm with . or Enter, or press ? or * to list all spells.
Aiming: Ensorcelled Hibernation
Press: ? - help, Shift-Dir - straight line, f/p - ogre
Aim: an ogre, wielding a giant club (severely wounded, bewildered and confused)
You miscast Ensorcelled Hibernation.
You are very lightly contaminated with residual magic.
Your skin tingles.
Casting: Ensorcelled Hibernation
Confirm with . or Enter, or press ? or * to list all spells.
You don't have enough magic to cast that spell.
Unknown command.
You hit the ogre.
The ogre is poisoned.
The ogre is severely wounded.
The ogre hits you with a giant club!!
Ouch! That really hurt!
You die...

* ###### ** *** ####....# ### ***
*** *, #,*##....##** #.# *,*
*,***, .*##......# ###@###
*,****,,,,,
.##.......####..#O.#***,,,,,*****
#.#........##..###..#,,****,* ***
#.............## *#...#***,,***,,
(............## **......,,,,,,,,
.##..........#****,,...##*,,,,,,,
.###......###.**,,,,.### *,,,,,,*
..###..#### *#.,,,,,,.** *,,,>,,*
.......# *#.,,,,,.,***,*,,,,*


You could see an ogre (confused).

Vanquished Creatures
  A scorpion (D:4)
  A jelly (D:3)
  2 orc wizards (D:4)
  Crazy Yiuf (D:3)
  A worker ant (D:3)
  6 adders
  4 giant mites
  4 worms (Sewer)
  5 oozes
  5 orcs (D:4)
  5 ball pythons
  15 bats
  7 giant cockroaches
  5 goblins
  12 hobgoblins
  4 jackals (Sewer)
  10 kobolds
  2 quokkas
  5 giant newts
  12 rats
107 creatures vanquished.

Notes
Turn   | Place    | Note
--------------------------------------------------------------
     0 | D:1      | Ratboiler, the Octopode Enchanter, began the quest for the Orb.
     0 | D:1      | Reached XP level 1. HP: 11/11 MP: 3/3
   169 | D:1      | Reached XP level 2. HP: 17/17 MP: 4/4
   177 | D:1      | Learned a level 2 spell: Ensorcelled Hibernation
  1156 | D:1      | Reached XP level 3. HP: 9/21 MP: 6/6
  1328 | D:1      | Learned a level 3 spell: Confuse
  1513 | D:2      | Found a glowing silver altar of Zin.
  1990 | D:2      | Reached XP level 4. HP: 6/27 MP: 0/7
  2169 | D:3      | Reached skill level 5 in Hexes
  2467 | D:3      | Reached XP level 5. HP: 19/31 MP: 1/9
  2756 | D:3      | Noticed Crazy Yiuf
  2768 | D:3      | Killed Crazy Yiuf
  2930 | D:3      | Reached skill level 6 in Hexes
  3609 | D:4      | Found a glowing golden altar of the Shining One.
  3635 | D:4      | Found a sparkling altar of Nemelex Xobeh.
  3680 | D:4      | Found a glowing drain.
  3684 | Sewer    | Entered a sewer
  3769 | Sewer    | Reached XP level 6. HP: 30/36 MP: 10/10
  3823 | Sewer    | Got a brightly glowing buckler
  3829 | Sewer    | Identified the +3 buckler of Frisuimp {rElec MR+ Stlth++} (You found it in a sewer)
  3836 | Sewer    | Learned a level 3 spell: Dazzling Spray
  4228 | D:4      | Gained mutation: Your system is resistant to poisons. [potion of beneficial mutation]
  4252 | D:4      | Noticed Duvessa
  4252 | D:4      | Noticed Dowan
  4684 | D:5      | Entered Level 5 of the Dungeon
  4854 | D:5      | Noticed Foahim's ghost (experienced DrFi)
  4859 | D:4      | Reached skill level 5 in Stealth
  5068 | D:4      | Reached skill level 7 in Hexes
  5313 | D:4      | Noticed an ogre
  5321 | D:4      | Mangled by an ogre

Action                   |  1- 3 |  4- 6 || total
-------------------------+-------+-------++-------
Melee: Dagger            |    94 |   144 ||   238
 Cast: Corona            |     6 |       ||     6
       Ensorcelled Hiber |     6 |    17 ||    23
       Confuse           |     1 |     2 ||     3
Evoke: Wand              |       |     4 ||     4
  Use: Scroll            |       |    13 ||    13
       Potion            |       |     2 ||     2
 Stab: Sleeping          |     7 |    23 ||    30
       Distracted        |       |     1 ||     1
       Confused          |       |     1 ||     1
  Eat: Bread ration      |     1 |       ||     1
       Chunk             |       |    10 ||    10
       Pizza             |       |     1 ||     1
